 Dungeon Crawl Stone Soup version 0.28-b1-25-g9875b3fc8c (webtiles) character file.

Game seed: 5004773377776889994

11 JitterGlitch the Stinger (level 2, -1/19 HPs)
             Began as a Merfolk Venom Mage on Jan 31, 2022.
             Slain by an endoplasm (3 damage)
             ... on level 1 of the Dungeon.
             The game lasted 00:13:47 (332 turns).

JitterGlitch the Stinger (Merfolk Venom Mage)        Turns: 332, Time: 00:13:47

Health: -1/19      AC:  5    Str:  8    XL:     2   Next: 29%
Magic:  2/5        EV: 10    Int: 14    God:
Gold:   11         SH:  0    Dex: 14    Spells: 4/5 levels left

rFire   + . .      SeeInvis .   (no weapon)
rCold   + . .      Faith    .   (no shield)
rNeg    . . .      Spirit   .   b - +0 ring mail
rPois   .          Reflect  .   (no helmet)
rElec   .          Harm     .   e - scarf {rC+ rF+}
rCorr   .          Rampage  .   (no gloves)
Will    .....                   (no boots)
Stlth   +.........              (no amulet)
HPRegen 0.06/turn               (no ring)
MPRegen 0.09/turn               (no ring)

@: about to teleport, very slightly contaminated
A: (nimble swimmer 2), mertail
a: no special abilities


You were on level 1 of the Dungeon.
You visited 1 branch of the dungeon, and saw 1 of its levels.

You collected 11 gold pieces.

Inventory:

Missiles
 d - 41 stones
 h - 20 arrows
Armour
 a - a +0 robe
 b - a +0 ring mail (worn)
 e - a scarf of resistance (worn)
Scrolls
 g - a scroll of enchant armour {unknown}


   Skills:
 + Level 2.7 Dodging
 + Level 2.2 Stealth
 + Level 0.4 Unarmed Combat
 + Level 2.3 Spellcasting
 + Level 1.3 Transmutations
 + Level 3.6 Poison Magic


You had 4 spell levels left.
You knew the following spells:

 Your Spells              Type           Power      Damage    Failure   Level
a - Sting                 Tmut/Pois      32%        1d4       26%         1

Your spell library contained the following spells:

 Spells                   Type           Power      Damage    Failure   Level
 Poisonous Vapours        Pois/Air       12%        N/A       45%         2
 Mephitic Cloud           Conj/Pois/Air  4%         N/A       78%         3
 Olgreb's Toxic Radiance  Pois           11%        N/A       85%         4


Dungeon Overview and Level Annotations

Branches:
Dungeon (1/15)

Altars:


Innate Abilities, Weirdness & Mutations

((You are very nimble when in or above water. (Stealth+, EV+, Speed+++)))
Your lower body shifts to a powerful aquatic tail in water.


Message History

You are very lightly contaminated with residual magic.
Nothing appears to happen.
The endoplasm closely misses you.
Casting: Sting (safe; 26% risk of failure)
Confirm with . or Enter, or press ? or * to list all spells.
Aiming: Sting (safe; 26% risk of failure)
Press: ? - help, Shift-Dir - straight line, f/p - endoplasm
Aim: an endoplasm (97% to hit)
You miscast Sting.
Nothing appears to happen.
The endoplasm freezes you.
You are frozen.
You resist.
Casting: Sting (safe; 26% risk of failure)
Confirm with . or Enter, or press ? or * to list all spells.
Aiming: Sting (safe; 26% risk of failure)
Press: ? - help, Shift-Dir - straight line, f/p - endoplasm
Aim: an endoplasm (97% to hit)
You miscast Sting.
Nothing appears to happen.
The endoplasm freezes you.
You are frozen.
You resist.
* * * LOW HITPOINT WARNING * * *
You hit the endoplasm but do no damage. The endoplasm freezes you.
You are frozen.
You resist.
* * * LOW HITPOINT WARNING * * *
As you read the scroll labelled MOUNKO VIU, it crumbles to dust.
It is a scroll of identify.
f - a scroll of teleportation The endoplasm freezes you.
You are frozen.
You resist.
* * * LOW HITPOINT WARNING * * *
You hit the endoplasm.
You punch the endoplasm, but do no damage.
The endoplasm is lightly wounded.
The endoplasm barely misses you.
As you read the scroll of teleportation, it crumbles to dust.
You feel strangely unstable.
The endoplasm hits you but does no damage.
You hit the endoplasm but do no damage.
The endoplasm is lightly wounded.
The endoplasm hits you.
You die...

†##.......####...#
#....##.### ##.## ##
.######.# #.# #.# #
#.# #####.##.# ..
#.###..†....# ### #.#
#.#........## #.. .#
#.#.#.#.....###.### #
#.^...#......#....#
.......###...@.......#
####### ##...J......##
#.##........##
#.#.#....:....
#.#...).......
...............
##.#...........
#.##...#.....# #.
##.##.#.###


You could see an endoplasm.

Vanquished Creatures
  A giant cockroach (D:1)
  A goblin (D:1)
  4 hobgoblins (D:1)
  A ball python (D:1)
  A frilled lizard (D:1)
  3 rats (D:1)
11 creatures vanquished.

Vanquished Creatures (others)
  2 fungi (D:1)
2 creatures vanquished.

Grand Total: 13 creatures vanquished

Notes
Turn   | Place    | Note
-------+----------+-------------------------------------------
     0 | D:1      | JitterGlitch the Merfolk Venom Mage began the quest for the
                  | Orb.
     0 | D:1      | Reached XP level 1. HP: 13/13 MP: 3/3
   243 | D:1      | Reached XP level 2. HP: 19/19 MP: 3/5
   332 | D:1      | Slain by an endoplasm

Illustrated notes

Levels and vault maps discovered:
D:1:      dpeg_arrival_prison, layout_loops_ring

Action                   || total
-------------------------++-------
Melee: Unarmed           ||    43
       Punch             ||     2
 Cast: Sting             ||     5
  Use: Potion            ||     1
       Scroll            ||     2
Armor: Robe              ||     2
       Ring mail         ||     8
Dodge: Dodged            ||    19
